 Dungeon Crawl Stone Soup version 0.26-a0-490-gf8362a0 (webtiles) character file.

Game seed: 1341745825460126151

37 robertstho the Skirmisher (level 3, 0/30 HPs)
             Began as a Demonspawn Abyssal Knight on Aug 4, 2020.
             Was a Follower of Lugonu.
             Slain by a centaur (4 damage)
             ... on level 2 of the Dungeon.
             The game lasted 00:01:43 (1472 turns).

robertstho the Skirmisher (DsAK)                    Turns: 1472, Time: 00:01:44

Health: 0/30       AC:  3    Str: 13    XL:     3   Next: 23%
Magic:  5/5        EV: 11    Int: 13    God:    Lugonu [*.....]
Gold:   72         SH:  0    Dex: 12    Spells: 2/2 levels left

rFire    . . .     SeeInvis .   a - +1 hand axe
rCold    . . .     Faith    .   (no shield)
rNeg     . . .     Spirit   .   b - +0 leather armour
rPois    .         Reflect  .   (no helmet)
rElec    .         Harm     .   (no cloak)
rCorr    .                      (no gloves)
MR       .....                  (no boots)
Stlth    +.........             (no amulet)
HPRegen  0.10/turn              (no ring)
MPRegen  0.09/turn              (no ring)

@: no status effects
A: claws 2
a: Depart the Abyss, Renounce Religion


You were on level 2 of the Dungeon.
You worshipped Lugonu.
Lugonu was aware of your devotion.
You visited 1 branch of the dungeon, and saw 2 of its levels.
You visited the Abyss 1 time.

You collected 72 gold pieces.

Inventory:

Hand Weapons
 a - a +1 hand axe (weapon)
Missiles
 c - 5 silver boomerangs (quivered)
Armour
 b - a +0 leather armour (worn)
Scrolls
 d - 2 scrolls of remove curse {unknown}
 e - a scroll of identify {unknown}
 f - a scroll of blinking {unknown}
 g - 2 scrolls of teleportation {unknown}


   Skills:
 * Level 3.6 Fighting
 + Level 2.3 Axes
 + Level 2.0 Armour
 + Level 1.0 Dodging
 * Level 2.7 Invocations


You had 2 spell levels left.
You didn't know any spells.
Your spell library was empty.

Dungeon Overview and Level Annotations

Branches:
Dungeon (2/15)

Altars:


Innate Abilities, Weirdness & Mutations

You have very sharp fingernails.


Message History

The arrow burns you.
The centaur shoots an arrow.
The arrow hits you!
* * * LOW HITPOINT WARNING * * *
The arrow burns you.
* * * LOW HITPOINT WARNING * * *
You aren't carrying any potions.
The centaur unwields a +3 shortbow of flaming.
It stops flaming.
The centaur barely misses you.
You aren't carrying any items that you can evoke.
Okay, then.
You hit the centaur.
The centaur is lightly wounded.
The centaur closely misses you. x2
You barely miss the centaur.
The centaur is lightly wounded.
A hobgoblin comes into view. It is wielding a +0 club.
The centaur closely misses you.
You hit the centaur.
The centaur is lightly wounded.
The centaur hits you.
You die...

### ..#
... #g#
#.# #c#
#@# #(#
#.# ###
#.# #.#
#.# #.#
#.#####.#
#.......#
#######.#
#.#


You could see a centaur and a hobgoblin.

Vanquished Creatures
  3 dart slugs (D:1)
  2 leopard geckos
  A ball python (D:1)
  4 bats
  A giant cockroach (D:2)
  2 goblins
  4 hobgoblins
  A frilled lizard (D:1)
  5 kobolds
  5 rats (D:1)
28 creatures vanquished.

Notes
Turn   | Place    | Note
-------+----------+-------------------------------------------
     0 | Abyss:1  | robertstho the Demonspawn Abyssal Knight began the quest
                  | for the Orb.
     0 | Abyss:1  | Reached XP level 1. HP: 18/18 MP: 2/2
    37 | Abyss:1  | Found a corrupted altar of Lugonu.
    42 | D:1      | Escaped the Abyss
   198 | D:1      | Reached * piety under Lugonu
   198 | D:1      | Gained mutation: You have sharp fingernails. [demonic
                  | ancestry]
   198 | D:1      | Reached XP level 2. HP: 24/24 MP: 3/3
   755 | D:1      | Reached skill level 1 in Dodging
  1174 | D:2      | Gained mutation: You have very sharp fingernails. [demonic
                  | ancestry]
  1174 | D:2      | Reached XP level 3. HP: 25/29 MP: 5/5
  1462 | D:2      | Noticed a centaur
  1472 | D:2      | Slain by a centaur

Illustrated notes

Levels and vault maps discovered:
D:1:      wheals_arrival_linesprint, layout_loops_cross, minmay_octomino_e4
D:2:      layout_loops_ring, okawaru_trees_1, lemuel_round_altar,
          lemuel_crystal_altar, minitemple, corexii_leaking_fountain,
          uniq_crazy_yiuf_cottage, uniq_terence, uniq_natasha

Skill      XL: |  1  2 |
---------------+-------+-----
Axes           | 2 |  2.3
Armour         | 2 |  2.0
Dodging        | 1 |  1.0
Fighting       | |  3.6
Invocations    | |  2.7

Action                   || total
-------------------------++-------
Melee: Hand axe          ||   106
Invok: Depart the Abyss  ||     1
Armor: Leather armour    ||    36
Dodge: Dodged            ||    77

Table legend: (Time is in decaauts)
 A = Elapsed time spent in this place.
 B = Non-inter-level travel time spent in this place.
 C = Inter-level travel time spent in this place.
 D = Time resting spent in this place.
 E = Time spent auto-exploring this place.
 F = Levels seen in this place.
 G = Mean time per level.
                   A        B        C        D        E       F      G
               +--------+--------+--------+--------+--------+-----+--------+
         Total |   1493 |   1434 |     59 |      0 |   1190 |   3 |  497.7 |
       Dungeon |   1450 |   1391 |     59 |      0 |   1163 |   2 |  725.0 |
         Abyss |     43 |     43 |      0 |      0 |     27 |   1 |   43.0 |
               +--------+--------+--------+--------+--------+-----+--------+

Top non-repeatable levels by time:
     D:1: 1135 daAuts
     D:2: 314 daAuts
 Abyss:1: 43 daAuts
